 Dungeon Crawl Stone Soup version 0.29.1-1-gd02db6906a (webtiles) character file.

Game seed: 3573746993241964810

98998 Godmorgon the Severer (level 16, -7/151 HPs)
             Began as a Hill Orc Monk on Sept 22, 2022.
             Was an Elder of Beogh.
             Mangled by a bunyip (24 damage)
             ... called by a spriggan druid
             ... on level 4 of the Swamp on Sept 23, 2022.
             The game lasted 02:53:34 (34753 turns).

Godmorgon the Severer (Hill Orc Monk)              Turns: 34753, Time: 02:53:35

Health: -7/151     AC: 27    Str: 27    XL:     16   Next: 23%
Magic:  29/29      EV: 13    Int: 10    God:    Beogh [****..]
Gold:   1328       SH:  0    Dex: 16    Spells: 15/15 levels left

rFire   . . .      SeeInvis .   a - +8 frozen axe "Frostbite" {freezing cloud, *Noise Fly rC+}
rCold   + + .      Faith    .   (shield currently unavailable)
rNeg    . . .      Spirit   .   S - +6 scale mail of Makhleb's Esteem {Str+5}
rPois   +          Reflect  .   s - +0 helmet
rElec   .          Harm     .   v - +2 cloak {rPois}
rCorr   +          Rampage  .   (no gloves)
Will    +....                   q - +4 pair of boots of Philately {Dex+3}
Stlth   +.........              L - amulet of the acrobat
HPRegen 0.35/turn               z - ring of resist corrosion
MPRegen 0.21/turn               P - ring of protection from cold

@: lethally poisoned (-7 -> -16), flying
A: no striking features
a: Renounce Religion, Smiting, Recall Orcish Followers


You were on level 4 of the Swamp.
You worshipped Beogh.
Beogh was greatly pleased with you.
You visited 3 branches of the dungeon, and saw 24 of its levels.
You also visited: Bailey.

You collected 1722 gold pieces.
You spent 394 gold pieces at shops.

Inventory:

Hand Weapons
 a - the +8 frozen axe "Frostbite" (weapon) {freezing cloud, *Noise Fly rC+}
   (You acquired it on level 10 of the Dungeon)

   It freezes those it strikes, dealing additional cold damage.
   It can also slow down cold-blooded creatures.
   It occasionally leaves clouds of freezing vapour upon striking a foe.
   It grants immunity to clouds of freezing vapour.
   rC:        It protects you from cold.
   Fly:       It grants you flight.
   *Noise:    It may make noises in combat.
 b - a +6 hand crossbow of freezing
 c - a +2 war axe of flaming
Missiles
 R - 2 throwing nets
Armour
 q - the +4 pair of boots of Philately (worn) {Dex+3}
   (You found it on level 2 of the Dungeon)

   Dex:       It affects your dexterity (+3).
 s - a +0 helmet (worn)
 v - a +2 cloak of poison resistance (worn)
 S - the +6 scale mail of Makhleb's Esteem (worn) {Str+5}
   (You found it on level 5 of the Lair of Beasts)

   Str:       It affects your strength (+5).
Jewellery
 z - a ring of resist corrosion (left hand)
 F - a ring of fire
 L - an amulet of the acrobat (around neck)
 P - a ring of protection from cold (right hand)
Wands
 f - a wand of charming (27)
 n - a wand of digging (3)
 u - a wand of quicksilver (15)
 A - a wand of iceblast (12)
 D - a wand of flame (12)
 J - a wand of mindburst (17)
Scrolls
 d - 3 scrolls of teleportation
 j - 7 scrolls of fear
 r - 3 scrolls of enchant armour
 B - 6 scrolls of poison
 C - 4 scrolls of silence
 E - a scroll of vulnerability
 I - 3 scrolls of fog
 K - 2 scrolls of brand weapon
 O - 2 scrolls of magic mapping
 V - a scroll of torment {unknown}
Potions
 e - a potion of invisibility
 g - 2 potions of berserk rage
 h - 3 potions of ambrosia
 k - 9 potions of curing
 m - 8 potions of lignification
 o - a potion of haste
 p - 2 potions of heal wounds
 t - 2 potions of mutation
 w - 5 potions of might
 G - a potion of resistance
 N - 2 potions of cancellation
 Q - a potion of magic


   Skills:
 * Level 15.8 Fighting
 * Level 19.8 Axes
 + Level 4.3 Ranged Weapons
 + Level 16.8 Armour
 + Level 5.8 Dodging
 - Level 1.5 Stealth
 * Level 18.6 Invocations


You had 15 spell levels left.
You didn't know any spells.
Your spell library was empty.

Dungeon Overview and Level Annotations

Branches:
Dungeon (15/15)            Temple (0/1) D:5            Lair (5/5) D:10
  Swamp (4/4) Lair:2       Spider (0/4) Lair:2        Slime (0/5) Lair:5
    Orc (0/2) D:12         Vaults (0/5) D:14         Depths (0/4) D:15
 Bailey (visited)

Altars:
Dithmenos
Gozag
Hepliaklqana
Kikubaaqudgha
Makhleb
Sif Muna
Trog
Uskayaw
Xom
Yredelemnul
The Shining One
Jiyva

Shops:
D:4 [   D:6 (=(

Portals:
Hell: Lair:5

Annotations:
D:3 2 transporters, swilekon's ghost, amateur OpMo


Message History

a - the +8 frozen axe "Frostbite" (weapon)
{freezing cloud, *Noise Fly rC+} You barely miss the swamp dragon.
You hear ice groaning.
The swamp dragon is lightly wounded.
You slash the bunyip! You freeze the bunyip.
You hear ice grinding.
You closely miss the spriggan druid.
You hear a chilling moan.
The spriggan druid hits you but does no damage.
The swamp dragon bites you. The swamp dragon barely misses you.
The swamp dragon closely misses you.
You slash the swamp dragon! You freeze the swamp dragon.
The swamp dragon is moderately wounded.
You slice the bunyip!! You freeze the bunyip. You slash the spriggan druid!
You freeze the spriggan druid.
The spriggan druid is engulfed in freezing vapours.
With its final breath, the spriggan druid offers up its power to the beasts of the wild!
The bunyip is healed.
The swamp dragon is healed.
The bunyip seems to grow more fierce.
The swamp drake seems to grow more fierce.
The swamp dragon seems to grow more fierce.
You kill the spriggan druid!
Beogh accepts your kill. The swamp dragon bites you.
The swamp dragon claws you but does no damage.
The swamp dragon misses you. The swamp drake breathes poison at you.
The noxious blast engulfs you but does no damage.
You resist.
You slash the swamp dragon! You freeze the swamp dragon.
The swamp dragon is heavily wounded.
You barely miss the bunyip.
The bunyip howls a warning cry!
The swamp dragon breathes poison at you.
The blast of poison engulfs you but does no damage.
You are poisoned.
You resist. The bunyip claws you!!
* * * LOW HITPOINT WARNING * * *
The bunyip closely misses you. The bunyip claws you!!
You die...

♣~.. ♣§..~# ♣♣♣ ♣♣♣ ♣♣<~~#
♣♣~♣♣♣♣.~~# ♣~.~♣~~.~~#
♣♣♣~~~.~.~~~###
♣..~~~~.~~~~~~###
♣~.~~~..~~○~~~~~### .
♣♣♣.~~~.~~~~○○○~~~.## .~.
♣.~~~.~~~~~~○@§☼○k.~♣ ♣~D..
♣.~~~♣.~~~~§○xD♣♣♣~♣♣.~....
♣♣^..♣...~~○~○☼♣♣..~D.~.~.~
♣♣♣<~.~~..~☼☼§♣♣..♣k~.~~♣♣
♣♣)~~..~~.~..♣~~.~...♣♣♣
♣.~~...~~~~~♣♣♣.~....♣
♣.~~~~.~.~~♣♣ ~......♣
♣.~~~~..~§♣♣ ♣♣.♣~~..~
♣♣.~..~♣♣♣♣ ♣♣ ♣....~


You could see a bunyip (strong), a swamp dragon (strong, catching breath) and a
swamp drake (strong).

Vanquished Creatures
  A tentacled monstrosity (Swamp:2)
  Nessos (D:14)
  An eleionoma (Swamp:2)
  4 bunyips
  Josephine (D:14)
  Snorg (D:14)
  The ghost of virigoth the Geomancer, a journeyman GrEE of Vehumet (D:12)
  The ghost of Faliobat the Markstengu, a journeyman TeHu of Vehumet (Lair:4)
  A boulder beetle (D:14)
  12 hydras
  5 centaur warriors
  An ogre mage (D:15)
  A death knight (D:15)
  12 two-headed ogres
  8 alligators
  Nergalle (D:11)
  An orb spider (Lair:2)
  4 spriggan druids
  3 goliath frogs
  A glowing orange brain (D:15)
  Pikel (D:7)
  2 skeletal warriors (D:15)
  The ghost of RogueRain17 the Destroyer, a novice DsFE (D:6)
  A bog body (Swamp:2)
  2 orc knights
  2 deep elf pyromancers
  A wizard (Lair:5)
  An oklob plant (D:10)
  10 ugly things
  4 cyclopes
  25 elephants
  4 will-o-the-wisps
  A manticore (D:12)
  A black mamba (Lair:1)
  An orange demon (Lair:5)
  6 cane toads
  2 rime drakes
  2 gargoyles
  A yaktaur (D:15)
  An efreet (D:13)
  10 komodo dragons
  A freezing wraith (D:15)
  An ice devil (Lair:5)
  A hellwing (Lair:5)
  2 red devils (Lair:5)
  2 bloated husks (Swamp:3)
  4 polar bears
  5 tyrant leeches
  4 hornets
  2 trolls
  A raiju (shapeshifter) (D:6)
  6 blink frogs
  17 slime creatures
  6 dream sheep (Lair:5)
  8 spriggans
  9 wraiths
  19 yaks
  4 shadows
  10 humans (D:14)
  2 wyverns
  5 basilisks
  3 vampire mosquitoes (Swamp:3)
  2 steam dragons
  A warg (D:12)
  4 acid dragons
  11 water moccasins
  A hell hound (Lair:5)
  11 swamp worms
  14 orc warriors
  A sky beast (D:7)
  8 wolves
  8 centaurs
  An ogre (D:15)
  2 lemures (D:7)
  A phantom (D:4)
  2 gnoll sergeants (D:6)
  13 bullfrogs
  3 scorpions
  2 necrophages
  3 jellies
  4 hounds
  Ijyb (D:3)
  Jessica (D:2)
  An iguana (D:4)
  3 orc wizards
  A boggart simulacrum (D:14)
  Robin (D:2)
  8 gnolls (D:6)
  12 adders
  A river rat (D:6)
  A shadow imp (D:7)
  A white imp (D:8)
  3 ufetubi (D:5)
  2 worms
  4 dart slugs
  33 orcs
  9 ball pythons
  10 endoplasms
  23 goblins
  6 hobgoblins
  A quokka (D:6)
  9 bats
  6 kobolds
  8 rats
489 creatures vanquished.

Vanquished Creatures (collateral kills)
  Rupert (D:14)
  A sphinx (shapeshifter) (D:15)
  A very ugly thing (D:15)
  2 hydras (Lair:5)
  A hell beast (Lair:5)
  A two-headed ogre (D:15)
  A death knight (D:14)
  3 skeletal warriors (D:15)
  A phantasmal warrior (D:14)
  3 ugly things (D:15)
  An elephant (Lair:4)
  2 cane toads
  2 rime drakes (Lair:5)
  A komodo dragon (Lair:5)
  2 freezing wraiths
  An ice devil (Lair:5)
  3 yaktaurs (D:14)
  A tarantella (shapeshifter) (D:14)
  A slime creature (D:15)
  A wraith (D:14)
  A yak (Lair:5)
  6 humans (D:14)
  2 water moccasins
  3 hell hounds (Lair:5)
42 creatures vanquished.

Vanquished Creatures (others)
  A centaur warrior (D:14)
  2 orc knights
  2 bloated husks
  2 orc priests
  A human (D:3)
  3 orcs
  A rat (D:1)
  3 bushes (D:13)
  20 foxfires
  20 fungi
  35 plants
90 creatures vanquished.

Grand Total: 621 creatures vanquished

Notes
Turn   | Place    | Note
-------+----------+-------------------------------------------
     0 | D:1      | Godmorgon the Hill Orc Monk began the quest for the Orb.
     0 | D:1      | Reached XP level 1. HP: 19/19 MP: 1/1
   304 | D:1      | Reached XP level 2. HP: 26/27 MP: 2/2
   522 | D:1      | Reached skill level 5 in Axes
   697 | D:1      | Reached XP level 3. HP: 27/33 MP: 3/3
   880 | D:2      | Noticed Robin
  1705 | D:2      | Reached XP level 4. HP: 28/41 MP: 4/4
  2064 | D:2      | Noticed Jessica
  2071 | D:2      | Killed Jessica
  2072 | D:2      | Reached skill level 6 in Axes
  2097 | D:2      | Identified the +4 pair of boots of Philately {Dex+3}
  2613 | D:2      | Killed Robin
  2682 | D:2      | Reached XP level 5. HP: 44/47 MP: 5/5
  2751 | D:3      | Found a transporter.
  2765 | D:3      | Noticed swilekon's ghost (amateur OpMo)
  2919 | D:3      | Found a transporter.
  2967 | D:3      | Reached skill level 5 in Fighting
  3000 | D:3      | Found a faded altar of an unknown god.
  3191 | D:3      | Identified the +1 robe of the Desolation of Salt {Rampage
                  | Str+4}
  3367 | D:3      | Noticed Ijyb
  3390 | D:3      | Killed Ijyb
  3391 | D:3      | Reached skill level 7 in Axes
  3527 | D:3      | Found an ancient bone altar of Kikubaaqudgha.
  3531 | D:3      | Noticed a human
  3533 | D:3      | Killed a human
  3704 | D:4      | Found a large runed translucent door.
  3707 | D:4      | Found a large runed translucent door.
  3851 | D:3      | Reached XP level 6. HP: 47/56 MP: 6/6
  3953 | D:4      | Found a basalt altar of Yredelemnul.
  4012 | D:4      | Reached skill level 8 in Axes
  4089 | D:4      | Found Uxoz's Antique Armour Shop.
  4106 | D:4      | Bought an embroidered cloak for 165 gold pieces
  4434 | D:4      | Found a shimmering altar of Xom.
  4443 | D:4      | Found a hide-covered altar of Uskayaw.
  4468 | D:5      | Entered Level 5 of the Dungeon
  4510 | D:5      | Reached skill level 1 in Armour
  4510 | D:5      | Reached XP level 7. HP: 63/63 MP: 7/7
  4547 | D:5      | Found a staircase to the Ecumenical Temple.
  4793 | D:5      | Reached skill level 9 in Axes
  4985 | D:5      | Found an opulent altar of Gozag.
  4985 | D:5      | Found a shadowy altar of Dithmenos.
  5222 | D:5      | Identified the +6 war axe of Qenentun {holy, rF+}
  5396 | D:6      | Found Faon's Antique Weapon Emporium.
  5401 | D:6      | Noticed a troll
  5411 | D:6      | Noticed a shapeshifter
  5411 | D:6      | a troll changed into a shapeshifter
  5412 | D:6      | Noticed a raiju
  5412 | D:6      | a shapeshifter changed into a raiju
  5483 | D:6      | Found a runed translucent door.
  5539 | D:6      | Noticed a yak
  5543 | D:6      | Noticed a jumping spider
  5543 | D:6      | a yak changed into a jumping spider
  5550 | D:6      | Noticed a raiju
  5561 | D:6      | Killed a raiju
  5562 | D:6      | Reached skill level 10 in Axes
  5562 | D:6      | Reached XP level 8. HP: 47/71 MP: 8/8
  5869 | D:6      | Found a runed translucent door.
  5876 | D:6      | Noticed RogueRain17's ghost (novice DsFE)
  5928 | D:6      | Found a shimmering blue altar of Sif Muna.
  6111 | D:6      | Found Pyrot's Jewellery Shoppe.
  6145 | D:6      | Noticed a yak
  6147 | D:6      | Noticed a yak
  6147 | D:6      | Noticed a yak
  6182 | D:5      | Killed a yak
  6282 | D:6      | Noticed a yak
  6296 | D:5      | Killed a yak
  6310 | D:6      | Killed a yak
  6311 | D:6      | Reached skill level 11 in Axes
  6315 | D:6      | Killed a yak
  6316 | D:6      | Reached XP level 9. HP: 47/81 MP: 9/9
  6515 | D:6      | Found Jyovic's Firing Range.
  6691 | D:6      | Reached skill level 5 in Armour
  6701 | D:6      | Killed RogueRain17's ghost
  6702 | D:6      | Reached skill level 12 in Axes
  6824 | D:7      | Found a burning altar of Makhleb.
  6826 | D:7      | Found a glowing golden altar of the Shining One.
  6836 | D:7      | Reached skill level 13 in Axes
  6979 | D:7      | Found a hazy altar of Hepliaklqana.
  7079 | D:7      | Noticed Pikel
  7093 | D:7      | Killed Pikel
  7094 | D:7      | Reached XP level 10. HP: 69/91 MP: 10/10
  7384 | D:8      | Reached skill level 14 in Axes
  7439 | D:8      | Identified the +2 short sword of Epim {pain, rF+ Str+3}
  8031 | D:9      | Found a flagged portal.
  8043 | Bailey   | Entered a bailey
  8402 | Bailey   | Reached skill level 10 in Fighting
  8933 | Bailey   | Found a roughly hewn altar of Beogh.
  8933 | Bailey   | Noticed an orc knight
  8933 | Bailey   | Noticed an orc knight
  9033 | Bailey   | Became a worshipper of Beogh the Brigand
  9033 | Bailey   | Reached * piety under Beogh
  9033 | Bailey   | Reached ** piety under Beogh
  9040 | Bailey   | Reached skill level 15 in Axes
  9054 | Bailey   | Killed an orc knight
  9505 | D:9      | Reached XP level 11. HP: 84/101 MP: 13/13
  9674 | D:10     | Entered Level 10 of the Dungeon
  9697 | D:10     | Noticed an oklob plant
 10361 | D:10     | Found a staircase to the Lair.
 10368 | D:10     | Killed an oklob plant
 10497 | D:11     | Found an opulent altar of Gozag.
 10580 | D:11     | Identified a scroll of acquirement
 10581 | D:11     | Acquired a manual of Armour
 10627 | D:11     | Noticed a two-headed ogre
 10645 | D:11     | Killed a two-headed ogre
 10646 | D:11     | Reached skill level 5 in Invocations
 10940 | D:11     | Noticed Nergalle
 10961 | D:11     | Killed Nergalle
 10962 | D:11     | Reached skill level 16 in Axes
 11265 | D:11     | Noticed a cyclops
 11282 | D:11     | Killed a cyclops
 11542 | D:11     | Noticed a cyclops
 11564 | D:11     | Killed a cyclops
 11700 | D:11     | Noticed a two-headed ogre
 11705 | D:11     | Killed a two-headed ogre
 11952 | D:12     | Noticed a two-headed ogre
 11963 | D:12     | Killed a two-headed ogre
 12033 | D:12     | Noticed a six-headed hydra
 12086 | D:12     | Noticed a two-headed ogre
 12097 | D:12     | Killed a two-headed ogre
 12328 | D:12     | Noticed a deep elf pyromancer
 12342 | D:12     | Killed a deep elf pyromancer
 12345 | D:12     | Found a staircase to the Orcish Mines.
 12547 | D:12     | Noticed a manticore
 12558 | D:12     | Killed a manticore
 12724 | D:12     | Reached XP level 12. HP: 102/110 MP: 18/18
 12816 | D:12     | Reached skill level 17 in Axes
 12816 | D:12     | Reached skill level 10 in Armour
 13103 | D:12     | Found a runed translucent door.
 13103 | D:12     | Noticed virigoth's ghost (journeyman GrEE)
 13104 | D:12     | Identified the +4 trident of the Philosopher {flame, SInv}
 14567 | Lair:1   | Entered Level 1 of the Lair of Beasts
 15218 | Lair:1   | Reached skill level 10 in Invocations
 15576 | Lair:1   | You fall into a shaft and drop 1 floor!
 15577 | Lair:2   | Found a staircase to the Swamp.
 15961 | Lair:2   | Reached skill level 18 in Axes
 16260 | Lair:2   | Found a hole to the Spider Nest.
 17576 | Lair:2   | Reached XP level 13. HP: 80/119 MP: 21/21
 18163 | D:6      | Bought a runed war axe for 130 gold pieces
 18968 | Lair:4   | Found a runed translucent gate.
 18969 | Lair:4   | Found a runed translucent gate.
 18970 | Lair:4   | Found a runed translucent gate.
 19024 | Lair:4   | Reached *** piety under Beogh
 19367 | Lair:4   | Noticed Faliobat's ghost (journeyman TeHu)
 19504 | Lair:4   | Killed Faliobat's ghost
 21007 | D:13     | HP: 6/122 [polar bear (6)]
 21258 | D:12     | Killed virigoth's ghost
 21513 | D:13     | Found a bloodstained altar of Trog.
 22266 | D:13     | Reached skill level 15 in Invocations
 22266 | D:13     | Reached XP level 14. HP: 56/130 MP: 25/25
 22651 | Lair:5   | Entered Level 5 of the Lair of Beasts
 22705 | Lair:5   | Reached **** piety under Beogh
 23541 | Lair:4   | Reached skill level 15 in Armour
 23933 | Lair:5   | Found a staircase to the Slime Pits.
 23933 | Lair:5   | Found a viscous altar of Jiyva.
 24642 | Lair:5   | Found a burning altar of Makhleb.
 24684 | Lair:5   | Found a gateway to Hell.
 24691 | Lair:5   | Identified the +6 scale mail of Makhleb's Esteem {Str+5}
 25388 | D:10     | Acquired the +8 frozen axe "Frostbite" {freezing cloud,
                  | *Noise Fly rC+}
 25388 | D:10     | Found the +8 frozen axe "Frostbite" {freezing cloud, *Noise
                  | Fly rC+}
 25496 | D:6      | Bought a +0 hand crossbow of freezing for 99 gold pieces
 25650 | D:14     | Noticed Nessos
 25650 | D:14     | Noticed Rupert
 25650 | D:14     | Found a gate to the Vaults.
 25713 | D:14     | Noticed Snorg
 25719 | D:14     | Killed Snorg
 25801 | D:14     | You are sucked into a shaft and drop 1 floor!
 25801 | D:15     | Entered Level 15 of the Dungeon
 25812 | D:15     | Reached ***** piety under Beogh
 25816 | D:15     | Reached skill level 1 in Ranged Weapons
 26607 | D:14     | Killed Nessos
 26938 | D:14     | Reached XP level 15. HP: 136/139 MP: 27/27
 26941 | D:14     | Killed Rupert
 27183 | D:14     | Noticed Josephine
 27191 | D:14     | Killed Josephine
 27192 | D:14     | Reached skill level 15 in Fighting
 30115 | D:15     | Reached skill level 5 in Dodging
 30207 | D:15     | Reached skill level 19 in Axes
 30494 | D:15     | Noticed a fenstrider witch
 30499 | D:15     | Noticed a sphinx
 30499 | D:15     | a fenstrider witch changed into a sphinx
 30501 | D:15     | Killed a sphinx
 30576 | D:15     | Gained Agrik as an ally
 30655 | D:15     | Found a staircase to the Depths.
 31111 | Swamp:1  | Entered Level 1 of the Swamp
 33421 | Swamp:2  | Noticed a tentacled monstrosity
 33431 | Swamp:2  | Killed a tentacled monstrosity
 33432 | Swamp:2  | Reached XP level 16. HP: 138/149 MP: 26/29
 34227 | Swamp:4  | Entered Level 4 of the Swamp
 34753 | Swamp:4  | Mangled by a bunyip

Illustrated notes

Levels and vault maps discovered:
D:1:      minmay_arrival_hallway, layout_basic, st_stairs_2,
          hangedman_decor_clover_reticule
D:2:      minmay_diamond_boxcup, layout_basic, kennysheep_generic_room_2,
          uniq_jessica, uniq_robin
D:3:      layout_rooms, tgw_kikubaaqudgha, gammafunk_ghost_mausoleum,
          shapermc_ecumenical_altar_mp_vishouse, minivault_5, minmay_surrounded,
          uniq_ijyb
D:4:      layout_loops_ring, mainiacjoe_overflow_paths, jmf_multi_god_temple2,
          serial_shops, nicolae_square_shop, kennysheep_generic_room_13
D:5:      layout_basic, mainiacjoe_overflow_divided_tiny,
          minmay_temple_entry_mini_moons, minmay_crystal_room
D:6:      layout_gridville, mainiacjoe_overflow_catwalk, ebering_ghost_sewer_f,
          serial_shops, shop, nicolae_inconvenience_store,
          reono_crystal_passage, nicolae_shop_firing_range
D:7:      layout_rooms, lemuel_doored_altar, jmf_multi_god_temple, uniq_pikel
D:8:      layout_basic
D:9:      layout_rooms, enter_bailey_2, minmay_misc_feat_four_crosses,
          chequers_serial_rivers_micro_e
D:10:     layout_basic, dpeg_oklobed_lair
D:11:     layout_irregular_city, grunt_gozag_breadcrumbs, uniq_nergalle
D:12:     layout_irregular_city, david_orc_3, ebering_ghost_funeral_grove
D:13:     layout_rooms, trog_ov_bears_minmay
D:14:     layout_basic, david_vaults_3, minmay_misc_feat_alley, uniq_snorg,
          uniq_josephine, uniq_nessos
D:15:     gammafunk_enter_depths_forms, layout_irregular_city,
          serial_park_tiny_2
Lair:1:   layout_cave_shapes
Lair:2:   layout_loops_ring, swamp_mist, nicolae_spider_entry_orb_guardian,
          infiniplex_staircase_pool_2
Lair:3:   layout_chaotic_city
Lair:4:   layout_cave_pods, ebering_ghost_rock_garden,
          chequers_serial_rivers_small_b
Lair:5:   evil_forest, layout_cave_pods, slime_entry_1
Swamp:1:  layout_falls_marsh, hangedman_swamp_lotus
Swamp:2:  cheibrodos_swamp_monstrosity, layout_falls_marsh,
          nicolae_swamp_decorative_isthmus, swamp_pool3
Swamp:3:  layout_falls_marsh, nicolae_swamp_little_swirl
Swamp:4:  byrel_swamp_growth_death_and_undeath, layout_basic_swamp,
          hellmonk_ghost_happy_afterlife

Skill      XL: |  1  2  3  4  5  6  7  8  9 10 11 12 13 14 15 |
---------------+----------------------------------------------+-----
Fighting       | 4 5 6 7 9 10 11 12 13 14 15 | 15.8
Axes           | 5 6 7 8 10 11 13 15 16 18 19 | 19.8
Armour         | 1 3 4 6 7 9 12 14 15 16 | 16.8
Invocations    | 3 8 11 15 17 18 | 18.6
Dodging        | 4 5 |  5.8
Ranged Weapons | 1 4 |  4.3
Stealth        | |  1.5

Action                   |  1- 3 |  4- 6 |  7- 9 | 10-12 | 13-15 | 16-18 || total
-------------------------+-------+-------+-------+-------+-------+-------++-------
Melee: Hand axe          |   100 |   184 |       |       |       |       ||   284
       Punch             |     2 |     2 |     1 |    10 |     3 |       ||    18
       War axe           |       |    28 |   176 |   538 |   482 |     9 ||  1233
       Executioner's axe |       |       |       |       |   240 |    46 ||   286
       Hand crossbow     |       |       |       |       |       |     5 ||     5
 Fire: Sling             |    19 |    58 |    12 |    38 |       |       ||   127
       Hand crossbow     |       |       |       |       |    27 |    14 ||    41
Throw: Stone             |     2 |     4 |       |       |       |       ||     6
       Dart              |       |     2 |     2 |    17 |    12 |       ||    33
Invok: Smiting           |       |       |       |     1 |    17 |       ||    18
       Recall Orcish Fol |       |       |       |       |     6 |       ||     6
       Stop Recall       |       |       |       |       |     5 |       ||     5
Evoke: Wand              |       |       |     1 |    12 |     3 |       ||    16
  Use: Scroll            |     5 |     1 |     2 |    17 |    23 |     1 ||    49
       Potion            |       |       |     1 |       |    12 |       ||    13
 Stab: Sleeping          |     2 |     1 |       |       |       |       ||     3
       Invisible         |       |       |       |       |    16 |       ||    16
       Distracted        |       |       |       |       |     2 |       ||     2
Armor: Robe              |    10 |       |       |       |       |       ||    10
       Leather armour    |    23 |    32 |       |       |       |       ||    55
       Scale mail        |       |    66 |     3 |       |   195 |    57 ||   321
       Chain mail        |       |       |    98 |   107 |       |       ||   205
       Plate armour      |       |       |       |   270 |   468 |       ||   738
Dodge: Dodged            |    73 |   119 |    70 |   170 |   423 |    77 ||   932
